 Dungeon Crawl Stone Soup version 0.14-a0-2542-g51e44bb (webtiles) character file.

3234 MrRokkomies the Arsonist (level 9, -3/84 HPs)
             Began as a Lava Orc Fire Elementalist on Feb 10, 2014.
             Killed by divine providence
             ... invoked by an orc priest
              (14 damage)
             ... on Level 7 of the Dungeon.
             The game lasted 00:40:33 (7380 turns).

MrRokkomies the Arsonist (LOFE)                     Turns: 7380, Time: 00:40:33

HP  -3/84        AC  9     Str 11      XL: 9   Next: 56%
MP   6/21        EV 12     Int 18      God:
Gold 194         SH  0     Dex 11      Spells:  6 memorised,  0 levels left

rFire  + + +     SeeInvis .     i - +4,+2 flail (protect)
rCold  . . .     Clarity  .     w - +1 robe {rC+}
rNeg   . . .     Conserve .     (no shield)
rPois  .         rCorr    .     (no helmet)
rElec  .         rRot     .     (no cloak)
SustAb . .       Spirit   .     t - +0 pair of gloves
rMut   .         Warding  .     (no boots)
Saprov + . .     Stasis   .     (no amulet)
MR     .....                    (no ring)
                                D - ring of wizardry

@: not resistant to hostile enchantments, unstealthy
A: conserve scrolls, saprovore 1
a: Convert to Beogh


You were on level 7 of the Dungeon.
You were not hungry.

You visited 2 branches of the dungeon, and saw 8 of its levels.

You collected 194 gold pieces.

Inventory:

Hand weapons
 i - a +4,+2 flail of protection (weapon)
 k - a +2,+2 orcish dagger of venom
 n - a +2,+2 sling
 B - a +0,+1 whip of flaming
 I - a +0 blowgun
Missiles
 j - a throwing net [frayed] (quivered)
 u - 18 darts of flame
 x - 52 sling bullets
 M - 13 poisoned needles
Armour
 t - a +0 pair of gloves (worn)
 w - a +1 robe of cold resistance (worn)
Magical devices
 G - a wand of paralysis (8)
Comestibles
 c - 3 meat rations
 l - 2 beef jerkies
 p - 3 bread rations
 H - a choko
Scrolls
 e - 4 scrolls of remove curse
 f - 4 scrolls of teleportation
 g - 2 scrolls of amnesia
 m - 2 scrolls of enchant armour {unknown}
 o - 2 scrolls of curse armour {unknown}
 q - a scroll of noise {unknown}
 y - a scroll of fear {unknown}
 E - a scroll of blinking {unknown}
 F - a scroll of identify
 L - a scroll of recharging {unknown}
Jewellery
 a - an uncursed ring of protection from magic
 D - a ring of wizardry (left hand)
 K - a cursed ring of teleportation
Potions
 d - 2 potions of curing
 h - a potion of might
 J - a potion of speed
Books
 b - a book of Flames

   Spells                             Type                      Level
   *Flame Tongue                      Conjuration/Fire             1
   *Throw Flame                       Conjuration/Fire             2
   *Conjure Flame                     Conjuration/Fire             3
   *Inner Flame                       Hexes/Fire                   3
   *Sticky Flame                      Conjuration/Fire             4
   *Fireball                          Conjuration/Fire             5
 A - a book of Dreams

   Spells                             Type                      Level
   Ensorcelled Hibernation            Hexes/Ice                    2
   Flight                             Charms/Air                   3
   Phase Shift                        Translocation                5
   Shadow Creatures                   Summoning                    5
   Mass Confusion                     Hexes                        6
   Darkness                           Hexes                        7
 C - a book of Maledictions

   Spells                             Type                      Level
   Corona                             Hexes                        1
   Sure Blade                         Hexes/Charms                 2
   Ensorcelled Hibernation            Hexes/Ice                    2
   Confuse                            Hexes                        3
   Enslavement                        Hexes                        4
   Invisibility                       Hexes                        6


   Skills:
 - Level 9.5 Fighting
 * Level 1.8 Maces & Flails
 - Level 1.7 Dodging
 - Level 1.5 Stealth
 - Level 0.2 Unarmed Combat
 - Level 5.0 Spellcasting
 * Level 7.3 Conjurations
 - Level 10.7 Fire Magic


You couldn't memorise any spells.
You knew the following spells:

 Your Spells              Type           Power        Failure   Level  Hunger
a - Flame Tongue          Conj/Fire      #####        1%          1    None
b - Throw Flame           Conj/Fire      ######       1%          2    #......
c - Conjure Flame         Conj/Fire      ######..     1%          3    ###....
d - Inner Flame           Hex/Fire       ######..     1%          3    ###....
e - Sticky Flame          Conj/Fire      ######..     1%          4    ####...
f - Fireball              Conj/Fire      ######....   4%          5    #####..


Dungeon Overview and Level Annotations

Branches:
Dungeon (7/16)             Temple (1/1) D:6

Altars:
Ashenzari
Cheibriados
Dithmengos
Elyvilon
Fedhas
Makhleb
Nemelex Xobeh
Okawaru
Sif Muna
Trog
Xom
Yredelemnul
Zin
The Shining One

Shops:
D:5 (

Annotations:
D:7 Prince Ribbit


Innate Abilities, Weirdness & Mutations

You have stony skin.
Your flesh is almost immune to the effects of heat.
Your fire spells are more powerful.
Your flesh is vulnerable to cold.
Your heat harms attackers.
You bathe your surroundings in blazing heat.
You are too hot to use scrolls.
You are very good at protecting items from fire.
You can tolerate rotten meat.


Message History

Prince Ribbit is lightly wounded.
Prince Ribbit completely misses you.
Your surroundings suddenly seem different.
A giant gecko and an orc priest come into view.
The orc priest shouts!
The giant gecko is burned by your radiant heat.
The giant gecko is severely wounded.
The giant gecko closely misses you.
The giant gecko is burned by your radiant heat.
You kill the giant gecko!
The orc priest mumbles some strange prayers to Beogh against you.
Something smites you!
* * * LOW HITPOINT WARNING * * *
Drink which item? (? for menu, Esc to quit)
You feel better.
The orc priest is burned by your radiant heat.
The orc priest is almost dead.
The orc priest invokes the aid of Beogh against you.
Something smites you!
You die...

. .# .# .. . .#
..# ###.##..
###..... #...o.#
#...@.#
######....#######
..................
#################


You could see an orc priest.

Vanquished Creatures
  Pikel (D:5)
  The ghost of Kae the Ruinous, an average DrCj (D:5)
  Edmund (D:6)
  A necrophage (D:6)
  An ice beast (D:5)
  4 slaves (D:4)
  A black bear (D:6)
  A centaur (D:6)
  A sky beast (D:7)
  3 phantoms (D:4)
  4 ogres
  3 wights (D:6)
  2 goliath beetles (D:6)
  6 orc priests
  3 crimson imps (D:6)
  2 jellies (D:6)
  A hound (D:6)
  4 worker ants
  Natasha (twice) (D:6)
  5 orc wizards
  3 scorpions
  Jessica (D:2)
  10 adders
  A lemure (D:6)
  An orc skeleton (D:6)
  A giant mite (D:4)
  6 gnolls
  3 worms
  An iguana zombie (D:4)
  6 giant geckos
  An ooze (D:1)
  18 orcs
  A bat skeleton (D:5)
  5 giant cockroaches
  15 goblins
  10 hobgoblins
  13 jackals
  7 kobolds
  4 quokkas
  Ijyb (D:2)
  2 ball pythons
  14 bats
  A giant gecko zombie (D:5)
  7 giant newts
  2 hobgoblin skeletons
  A hobgoblin zombie (D:1)
  A jackal zombie (D:1)
  A kobold zombie (D:5)
  14 rats
  A rat skeleton (D:6)
199 creatures vanquished.

Notes
Turn   | Place    | Note
--------------------------------------------------------------
     0 | D:1      | MrRokkomies, the Lava Orc Fire Elementalist, began the quest for the Orb.
     0 | D:1      | Reached XP level 1. HP: 14/14 MP: 2/2
   435 | D:1      | Reached XP level 2. HP: 7/20 MP: 3/3
   449 | D:1      | Learned a level 2 spell: Throw Flame
   604 | D:1      | Reached skill level 4 in Fire Magic
  1054 | D:1      | Noticed an ogre
  1135 | D:2      | Reached XP level 3. HP: 9/26 MP: 0/5
  1596 | D:2      | Noticed Jessica
  1618 | D:2      | Killed Jessica
  1618 | D:2      | Reached XP level 4. HP: 22/33 MP: 4/6
  1652 | D:2      | Reached skill level 9 in Fighting
  1652 | D:2      | Reached skill level 10 in Fire Magic
  1652 | D:2      | Reached XP level 5. HP: 28/57 MP: 7/7
  1657 | D:2      | Learned a level 3 spell: Conjure Flame
  1762 | D:2      | Found a shadowy altar of Dithmengos.
  1783 | D:2      | Found a glowing silver altar of Zin.
  1785 | D:2      | Noticed Ijyb
  1801 | D:2      | Killed Ijyb
  1814 | D:2      | Found a shimmering altar of Xom.
  1821 | D:2      | Found a bloodstained altar of Trog.
  1821 | D:2      | Found a blossoming altar of Fedhas.
  1822 | D:2      | Found a glowing golden altar of the Shining One.
  2337 | D:1      | Killed an ogre
  2337 | D:1      | Reached XP level 6. HP: 64/64 MP: 0/10
  2342 | D:1      | Learned a level 3 spell: Inner Flame
  2417 | D:3      | Found a burning altar of Makhleb.
  3081 | D:3      | Found an iron altar of Okawaru.
  3631 | D:4      | Reached XP level 7. HP: 37/70 MP: 13/13
  4235 | D:5      | Entered Level 5 of the Dungeon
  4305 | D:5      | Noticed Pikel
  4894 | D:5      | Killed Pikel
  4894 | D:5      | Reached skill level 5 in Conjurations
  4894 | D:5      | Reached XP level 8. HP: 56/78 MP: 12/18
  4939 | D:5      | Noticed Kae's ghost (average DrCj)
  4959 | D:5      | Killed Kae's ghost
  5237 | D:5      | Learned a level 4 spell: Sticky Flame
  5454 | D:5      | Found Xeafesue's Weapon Shoppe.
  5498 | D:6      | Noticed Natasha
  5507 | D:5      | Found a blossoming altar of Fedhas.
  5818 | D:6      | Noticed Edmund
  5848 | D:6      | Reached XP level 9. HP: 84/84 MP: 17/20
  6006 | D:6      | Reached skill level 5 in Spellcasting
  6182 | D:6      | Learned a level 5 spell: Fireball
  6410 | D:6      | Killed Edmund
  6707 | D:6      | Killed Natasha
  6766 | D:6      | Found a staircase to the Ecumenical Temple.
  6803 | Temple   | Entered the Ecumenical Temple
  7278 | D:6      | Noticed Natasha
  7284 | D:6      | Killed Natasha
  7344 | D:7      | Reached skill level 1 in Maces & Flails
  7371 | D:7      | Noticed Prince Ribbit
  7374 | D:7      | HP: 2/84 [Prince Ribbit (12)]
  7380 | D:7      | Killed from afar by an orc priest

Action                   |  1- 3 |  4- 6 |  7- 9 || total
-------------------------+-------+-------+-------++-------
Melee: Unarmed           |    74 |       |       ||    74
       Whip              |    93 |       |   122 ||   215
       Mace              |    16 |       |       ||    16
       Dagger            |       |   113 |    43 ||   156
       Morningstar       |       |    55 |   126 ||   181
       Flail             |       |       |    61 ||    61
Throw: Dart              |     4 |     1 |       ||     5
       Throwing net      |       |       |     1 ||     1
 Cast: Flame Tongue      |    13 |     9 |    51 ||    73
       Throw Flame       |     1 |     9 |    23 ||    33
       Conjure Flame     |       |     2 |     5 ||     7
       Inner Flame       |       |       |     7 ||     7
Evoke: Wand              |       |       |     1 ||     1
  Use: Potion            |     2 |     2 |     6 ||    10
       Scroll            |       |     7 |     3 ||    10
 Stab: Sleeping          |     2 |       |     1 ||     3
       Held in net/web   |       |       |     1 ||     1
